 Dungeon Crawl Stone Soup version 0.21-a0-504-g2eda33064f (webtiles) character file.

154 Kaname the Conjurer (level 5, 19/35 HPs)
             Began as a Demonspawn Wizard on Nov 25, 2017.
             Quit the game on level 3 of the Dungeon.
             The game lasted 00:08:20 (2443 turns).

Kaname the Conjurer (Demonspawn Wizard)             Turns: 2443, Time: 00:08:21

Health: 19/35      AC:  9    Str:  7    XL:     5   Next: 13%
Magic:  1/9        EV: 12    Int: 20    God:
Gold:   50         SH:  0    Dex: 12    Spells: 2/10 levels left

rFire    . . .     SeeInvis .   k - +0 short sword
rCold    + . .     Gourm    .   (no shield)
rNeg     . . .     Faith    .   a - +0 robe
rPois    .         Spirit   .   b - +0 hat
rElec    .         Reflect  .   (no cloak)
rCorr    .         Harm     .   r - +0 pair of gloves
MR       .....                  (no boots)
Stlth    ++........             (no amulet)
HPRegen  0.11/turn              (no ring)
MPRegen  0.11/turn              (no ring)

@: sanguine armour
A: antennae 1, cold resistance 1, sanguine armour 1
a: no special abilities


You were on level 3 of the Dungeon.
You were hungry.

You visited 1 branch of the dungeon, and saw 3 of its levels.

You collected 50 gold pieces.

Inventory:

Hand Weapons
 k - a +0 short sword (weapon)
Armour
 a - a +0 robe (worn)
 b - a +0 hat (worn)
 r - a +0 pair of gloves (worn)
Scrolls
 f - 2 scrolls of enchant armour {unknown}
 i - 2 scrolls of remove curse {unknown}
 l - 2 scrolls of magic mapping {unknown}
 m - a scroll of fog {unknown}
 n - 3 scrolls of identify {unknown}
 q - 2 scrolls of teleportation {unknown}
 u - a scroll of random uselessness {unknown}
Potions
 e - 2 potions of curing {unknown}
 g - a potion of heal wounds {unknown}
 h - a potion of brilliance {unknown}
 j - a potion of berserk rage {unknown}
 o - a potion of agility {unknown}
 v - a potion of might {unknown}
Books
 c - a book of Minor Magic

   Spells                             Type                      Level
   a - Magic Dart                     Conjuration                  1
   b - Blink                          Translocation                2
   c - Call Imp                       Summoning                    2
   d - Slow                           Hexes                        2
   e - Conjure Flame                  Conjuration/Fire             3
   f - Mephitic Cloud                 Conjuration/Poison/Air       3
Comestibles
 d - a bread ration
 p - 3 fruits
 s - a royal jelly


   Skills:
 - Level 1.7 Dodging
 - Level 1.7 Stealth
 - Level 3.0 Spellcasting
 + Level 3.6 Conjurations
 - Level 2.0 Summonings
 - Level 2.0 Translocations
 - Level 1.0 Air Magic
 - Level 1.0 Poison Magic


You had 2 spell levels left.
You knew the following spells:

 Your Spells              Type           Power        Failure   Level  Hunger
a - Magic Dart            Conj           ###.         3%          1    None
b - Blink                 Tloc           N/A          10%         2    ##.....
c - Mephitic Cloud        Conj/Pois/Air  ##......     21%         3    ###....
d - Call Imp              Summ           ##......     10%         2    ##.....


Dungeon Overview and Level Annotations

Branches:
Dungeon (3/15)

Altars:
Gozag


Innate Abilities, Weirdness & Mutations

You have a pair of small antennae on your head.
Your flesh is cold resistant. (rC+)
When seriously injured, your bleeding wounds create armour. (AC +6)


Message History

Aiming: Magic Dart
Press: ? - help, Shift-Dir - straight line, f/p - orc wizard
Aim: an orc wizard, wielding a dagger and wearing a robe (heavily wounded, fast, confused)
The magic dart hits the orc wizard.
The orc wizard is heavily wounded.
You hit the orc wizard.
The orc wizard is almost dead.
The orc wizard hits you with a dagger.
You hit the orc wizard but do no damage.
The orc wizard is almost dead.
You hit the orc wizard but do no damage.
The orc wizard is almost dead.
The orc wizard completely misses you.
You hit the orc wizard.
You kill the orc wizard!
You have reached level 5!
Your demonic ancestry asserts itself...
You feel your blood ready itself to protect you.
Your blood congeals into armour.
Are you sure you want to abandon this character and quit the game? (Confirm with "yes".)

#.#.........##
##..........
#.#.#####†.##
##......... #......o...#
#......... ###.#####.##
##........ #.# #..# ##
## #........ #o# #..#
#.## ##.# #........ #.#
#..###..# #..###.#......
#.#
#...##.)###..##..#.####.
#.# #....##@.#..##...#
#.##. #o#
#...÷..).......#.#.#..+.
#.#
#...##########.#.#.#.##.
#.####...## #.#.#.#.##.
#..o.††...# #.#.#.#.##.
######....# #o#.#.#....
##....# ######'#.#.#)...
#.....# #........#.#.###
#.....# #........#...##.


There were no monsters in sight!

Vanquished Creatures
  An orc wizard (D:3)
  3 adders (D:2)
  An ooze (D:1)
  2 dart slugs (D:1)
  A leopard gecko (D:2)
  9 orcs (D:3)
  5 giant cockroaches
  10 goblins
  9 hobgoblins
  8 jackals
  2 quokkas (D:3)
  4 bats
  5 frilled lizards
  5 kobolds
  9 rats
74 creatures vanquished.

Notes
Turn   | Place    | Note
-------+----------+-------------------------------------------
     0 | D:1      | Kaname the Demonspawn Wizard began the quest for the Orb.
     0 | D:1      | Reached XP level 1. HP: 13/13 MP: 4/4
   275 | D:1      | Gained mutation: You have a pair of small antennae on your head. [demonic ancestry]
   275 | D:1      | Reached XP level 2. HP: 19/19 MP: 1/6
   684 | D:1      | Reached XP level 3. HP: 24/24 MP: 2/7
   734 | D:1      | Learned a level 2 spell: Blink
   738 | D:1      | Learned a level 3 spell: Mephitic Cloud
   741 | D:1      | Learned a level 2 spell: Call Imp
  1270 | D:2      | Reached skill level 1 in Translocations
  1357 | D:2      | Gained mutation: Your flesh is cold resistant. (rC+) [demonic ancestry]
  1357 | D:2      | Reached XP level 4. HP: 30/30 MP: 2/8
  2027 | D:3      | Found an opulent altar of Gozag.
  2039 | D:3      | Reached skill level 1 in Air Magic
  2243 | D:3      | Reached skill level 1 in Poison Magic
  2442 | D:3      | Gained mutation: When seriously injured, your bleeding wounds create armour. (AC +6) [demonic ancestry]
  2442 | D:3      | Reached XP level 5. HP: 19/35 MP: 1/9
  2443 | D:3      | Quit the game

Vault maps used:
D:1:      zelgadis_glass_arrival_small, nrook_uturn, st_stairs_13
D:3:      old_standard_altar, gammafunk_temple_overflow_claw,
          minmay_stone_trees_small

Skill      XL: |  1  2  3  4 |
---------------+-------------+-----
Conjurations   | 2 3 |  3.6
Summonings     | 2 |  2.0
Translocations | 1 2 |  2.0
Air Magic      | 1 |  1.0
Poison Magic   | 1 |  1.0
Dodging        | |  1.7
Stealth        | |  1.7
Spellcasting   | |  3.0

Action                   |  1- 3 |  4- 6 || total
-------------------------+-------+-------++-------
Melee: Unarmed           |    21 |       ||    21
       Short sword       |     4 |    67 ||    71
 Cast: Magic Dart        |    87 |    73 ||   160
       Mephitic Cloud    |       |     1 ||     1
  Eat: Chunk             |     1 |     3 ||     4
Armor: Robe              |     5 |    19 ||    24
Dodge: Dodged            |    16 |    58 ||    74

Table legend:
 A = Spawn XP
 B = Non-spawn XP
 C = Spawn XP percentage of total XP
 D = Spawn monster count
 E = Non-spawn monster count
 F = Spawn count percentage of total count
 G = Total turns spent on level
                    A         B        C        D         E        F      G
               +---------+---------+-------+---------+---------+-------+---------
         Total |       0 |     221 |   0.0 |       0 |      74 |   0.0 |  2443
               +---------+---------+-------+---------+---------+-------+---------
           D:1 |       0 |      57 |   0.0 |       0 |      29 |   0.0 |  1024
           D:2 |       0 |      75 |   0.0 |       0 |      22 |   0.0 |   860
           D:3 |       0 |      89 |   0.0 |       0 |      23 |   0.0 |   559
               +---------+---------+-------+---------+---------+-------+---------
